 Dungeon Crawl Stone Soup version 0.23-a0-402-g64599a1 (webtiles) character file.

4855 MisterFreud the Arsonist (level 10, -2/75 HPs)
             Began as a Naga Fire Elementalist on Nov 4, 2018.
             Was a Believer of Cheibriados.
             Slain by a komodo dragon (25 damage)
             ... on level 8 of the Dungeon.
             The game lasted 00:42:49 (10790 turns).

MisterFreud the Arsonist (Naga Fire Elementalist)  Turns: 10790, Time: 00:42:50

Health: -2/75      AC:  6    Str: 17    XL:     10   Next: 49%
Magic:  8/19       EV: 10    Int: 23    God:    Cheibriados [**....]
Gold:   577        SH:  0    Dex: 16    Spells: 8/21 levels left

rFire    . . .     SeeInvis +   a - +3 falchion (protect)
rCold    + . .     Gourm    .   (no shield)
rNeg     + . .     Faith    .   p - +0 robe
rPois    +         Spirit   .   (no helmet)
rElec    .         Reflect  .   (no cloak)
rCorr    .         Harm     .   v - +1 pair of gloves
MR       +....                  (no barding)
Stlth    ++++......             C - amulet of the acrobat
HPRegen  0.22/turn              i - ring of protection from cold
MPRegen  0.16/turn              t - ring of positive energy

@: very slow
A: large, see invisible, deformed body, poison resistance, slowness 2, slow
metabolism 1, spit poison 1, AC +3
a: Spit Poison, Bend Time, Renounce Religion


You were on level 8 of the Dungeon.
You worshipped Cheibriados.
Cheibriados was pleased with you.
You were hungry.

You visited 2 branches of the dungeon, and saw 10 of its levels.

You collected 577 gold pieces.

Inventory:

Hand Weapons
 a - a +3 falchion of protection (weapon)
 b - a +2 dagger of venom
 w - a +0 trident
Missiles
 g - 330 stones (quivered)
 h - 15 tomahawks
 l - 182 arrows
 o - 53 sling bullets
 x - 16 poisoned needles
 y - a throwing net
 E - 45 bolts
 K - 7 javelins
Armour
 p - a +0 robe (worn)
 r - a +0 robe
 v - a +1 pair of gloves (worn)
Jewellery
 i - a ring of protection from cold (left hand)
 t - a ring of positive energy (right hand)
 C - an amulet of the acrobat (around neck)
Wands
 f - a wand of flame (23)
 B - a wand of paralysis (1)
 F - a wand of disintegration (17)
 G - a wand of iceblast (9)
Scrolls
 e - 3 scrolls of remove curse
 q - 2 scrolls of enchant armour
 z - 2 scrolls of fog
 A - 3 scrolls of teleportation
 D - a scroll of magic mapping
 I - a scroll of torment {unknown}
 J - a scroll of silence {unknown}
 L - a scroll of holy word {unknown}
 O - a scroll of identify
Potions
 d - 2 potions of flight
 j - 2 potions of invisibility
 k - 3 potions of might
 m - 4 potions of mutation
 n - 3 potions of brilliance
 s - 2 potions of ambrosia
 u - a potion of magic {unknown}
 H - a potion of curing
 M - a potion of lignification
Comestibles
 c - 16 rations


   Skills:
 + Level 6.7 Long Blades
 - Level 1.5 Dodging
 - Level 8.0 Stealth
 - Level 6.0 Spellcasting
 - Level 8.0 Conjurations
 - Level 8.2 Fire Magic


You had 8 spell levels left.
You knew the following spells:

 Your Spells              Type           Power        Failure   Level  Hunger
a - Flame Tongue          Conj/Fire      #####        1%          1    None
b - Conjure Flame         Conj/Fire      #####...     1%          3    #......
c - Sticky Flame          Conj/Fire      #####...     3%          4    ###....
d - Fireball              Conj/Fire      #####.....   9%          5    #####..

Your spell library contained the following spells:

 Spells                   Type           Power        Failure   Level  Hunger
 Throw Flame              Conj/Fire      #####.       1%          2    None
 Inner Flame              Hex/Fire       ####....     4%          3    #......


Dungeon Overview and Level Annotations

Branches:
Dungeon (9/15)             Temple (1/1) D:7
   Lair: D:8-11         Orc: D:9-12

Altars:
Ashenzari
Cheibriados
Dithmenos
Elyvilon
Fedhas
Gozag
Kikubaaqudgha
Makhleb
Nemelex Xobeh
Ru
Trog
Vehumet
Wu Jian
Yredelemnul
Zin
The Shining One

Shops:
D:8 }

Annotations:
D:6 2 runed doors, derval's ghost, novice DEAE


Innate Abilities, Weirdness & Mutations

You cannot wear boots.
Your serpentine skin is tough. (AC +3)
You have supernaturally acute eyesight. (SInv)
Armour fits poorly on your strangely shaped body.
Your system is resistant to poisons. (rPois)
You cover ground very slowly.
You have a slow metabolism.
You can spit poison.


Message History

The komodo dragon burns!
The komodo dragon bites you!!
The howler monkey hoots and howls with incredible vigour!
Casting: Sticky Flame (safe; 3% risk of failure)
Confirm with . or Enter, or press ? or * to list all spells.
Aiming: Flame Tongue (safe; 1% risk of failure)
Press: ? - help, Shift-Dir - straight line, f/p - komodo dragon
Aim: a komodo dragon (severely wounded, covered in liquid flames)
The flame tongue hits the komodo dragon.
The komodo dragon appears unharmed.
The komodo dragon is severely wounded.
The komodo dragon burns!
The komodo dragon bites you!!
Casting: Flame Tongue (safe; 1% risk of failure)
Confirm with . or Enter, or press ? or * to list all spells.
Aiming: Flame Tongue (safe; 1% risk of failure)
Press: ? - help, Shift-Dir - straight line, f/p - komodo dragon
Aim: a komodo dragon (severely wounded, covered in liquid flames)
The flame tongue hits the komodo dragon.
The komodo dragon is almost dead.
The komodo dragon burns!
The komodo dragon bites you!!
You die...

####≈#Z##..#...###..#≈.##.#.....
#≈# #..#........#≈....#.....
##≈####..#........#≈###.######
####.≈......########'#≈# #.# #.
..)..≈l÷)...≈≈≈#......≈# #.# #.
.....≈####..≈8≈#......≈###.#####.
.....≈# ...≈≈≈#'#####≈.....÷....
#####≈# ............#≈.##.......
#≈# ....h..@....#≈.###.##.## #≈.
....#.l###..# .....##.# #≈.. .##
#..#.#..# .######.# ##...
#..#....# #.# ... #..###### #.#
≈≈≈ ##.## #.#. #..). #.#. ##.#.
###.


You could see a komodo dragon (burning) and a howler monkey.

Vanquished Creatures
  A two-headed ogre (D:8)
  2 hippogriffs (D:8)
  A wyvern (D:8)
  A hungry ghost (D:8)
  5 orc warriors
  2 sky beasts
  A black bear (D:4)
  2 ice beasts
  4 ogres
  A centaur (D:8)
  2 big kobolds (D:8)
  2 bullfrogs
  A wyvern skeleton (D:8)
  A scorpion (D:5)
  4 wights (D:8)
  An electric eel (D:7)
  6 crimson imps
  A jelly (D:8)
  3 bullfrog skeletons
  5 orc priests
  3 centaur skeletons
  4 hounds
  2 iguanas
  13 orc wizards
  A gnoll shaman (D:6)
  Natasha (thrice) (D:3)
  2 worker ants
  A howler monkey zombie (D:5)
  8 gnolls
  A howler monkey skeleton (D:8)
  9 adders
  2 shadow imps
  An ooze (D:4)
  2 adder skeletons
  2 adder zombies
  3 worms
  4 dart slugs
  5 leopard geckos
  31 orcs
  3 ball pythons
  8 giant cockroaches
  8 goblins
  10 hobgoblins
  5 jackals (D:3)
  4 quokkas
  16 bats
  4 frilled lizards
  21 kobolds
  6 rats
228 creatures vanquished.

Vanquished Creatures (others)
  An orc (D:5)
  2 plants (D:8)
3 creatures vanquished.

Grand Total: 231 creatures vanquished

Notes
Turn   | Place    | Note
-------+----------+-------------------------------------------
     0 | D:1      | MisterFreud the Naga Fire Elementalist began the quest for
                  | the Orb.
     0 | D:1      | Reached XP level 1. HP: 15/15 MP: 3/3
   151 | D:1      | Reached XP level 2. HP: 22/22 MP: 3/5
   499 | D:1      | Reached skill level 5 in Stealth
   645 | D:1      | Found a sparkling altar of Nemelex Xobeh.
   894 | D:1      | Reached XP level 3. HP: 28/28 MP: 6/6
  1663 | D:2      | Reached XP level 4. HP: 20/36 MP: 3/7
  1862 | D:2      | Found a white marble altar of Elyvilon.
  2488 | D:3      | Noticed Natasha
  2516 | D:3      | Killed Natasha
  2516 | D:3      | Reached XP level 5. HP: 42/42 MP: 0/8
  2667 | D:3      | Noticed Natasha
  2682 | D:3      | Killed Natasha
  2722 | D:3      | Noticed Natasha
  2730 | D:3      | Killed Natasha
  2902 | D:3      | Learned a level 3 spell: Conjure Flame
  2907 | D:3      | Learned a level 4 spell: Sticky Flame
  2969 | D:3      | Reached XP level 6. HP: 44/49 MP: 7/9
  3738 | D:5      | Entered Level 5 of the Dungeon
  3921 | D:5      | Reached XP level 7. HP: 50/55 MP: 6/10
  4190 | D:4      | Reached skill level 5 in Conjurations
  4355 | D:4      | Reached skill level 5 in Fire Magic
  5485 | D:5      | Reached XP level 8. HP: 29/62 MP: 9/14
  5928 | D:5      | Found an ornate altar of the Wu Jian Council.
  6771 | D:6      | Learned a level 5 spell: Fireball
  7541 | D:6      | Found a runed door.
  7541 | D:6      | Noticed derval's ghost (novice DEAE)
  7567 | D:6      | Found a runed door.
  7722 | D:7      | Reached XP level 9. HP: 68/68 MP: 7/16
  8089 | D:7      | Reached skill level 5 in Spellcasting
  8698 | D:7      | Found a staircase to the Ecumenical Temple.
  8707 | Temple   | Entered the Ecumenical Temple
  8829 | Temple   | Became a worshipper of Cheibriados the Contemplative
  9154 | D:8      | Found Yczem's Gadget Boutique.
  9206 | D:8      | Noticed a two-headed ogre
  9212 | D:8      | Killed a two-headed ogre
  9533 | D:8      | Reached skill level 1 in Long Blades
  9734 | D:8      | Reached XP level 10. HP: 64/75 MP: 5/18
  9763 | D:8      | Reached * piety under Cheibriados
 10274 | D:8      | Reached skill level 5 in Long Blades
 10372 | D:8      | Reached ** piety under Cheibriados
 10790 | D:8      | Slain by a komodo dragon

Vault maps used:
D:1:      grunt_arrival_lava_bath, nemelex_xobeh_ov_fountains_minmay
D:2:      first_ration, minmay_misc_feat_nine_boxes,
          hangedman_abyss_or_decor_stabs, elyvilon_altar_3
D:3:      minmay_cut_off, uniq_natasha
D:5:      basic_altar
D:6:      ebering_ghost_sewer_f
D:7:      temple_green, nicolae_water_bricks
D:8:      cheibrodos_ideogram_h, serial_shops, kennysheep_little_box,
          blue_anna_alchemist
D:9:      old_standard_altar, enter_bailey_3, uniq_psyche, uniq_prince_ribbit1,
          uniq_gastronok
Temple:   roderic_octagonal_lattice_temple

Skill      XL: |  1  2  3  4  5  6  7  8  9 10 |
---------------+-------------------------------+-----
Stealth        | 4 5 8 |  8.0
Conjurations   | 2 3 4 5 6 8 |  8.0
Fire Magic     | 4 5 6 8 |  8.2
Spellcasting   | 4 5 6 |  6.0
Long Blades    | 3 6 |  6.7
Dodging        | |  1.5

Action                   |  1- 3 |  4- 6 |  7- 9 | 10-12 || total
-------------------------+-------+-------+-------+-------++-------
Melee: Unarmed           |     3 |       |       |       ||     3
       Dagger            |    24 |    54 |    98 |       ||   176
       Falchion          |       |       |    62 |   128 ||   190
Throw: Stone             |       |    12 |       |       ||    12
 Cast: Flame Tongue      |    23 |    83 |    80 |    34 ||   220
       Sticky Flame      |       |     2 |    18 |    19 ||    39
       Fireball          |       |       |     1 |     1 ||     2
 Abil: Spit Poison       |    28 |    47 |    37 |    11 ||   123
Evoke: Wand              |       |       |    14 |       ||    14
  Use: Scroll            |     4 |    12 |     6 |     1 ||    23
       Potion            |       |     2 |     6 |     2 ||    10
 Stab: Sleeping          |     6 |    11 |     6 |       ||    23
       Invisible         |       |       |     2 |       ||     2
       Paralysed         |       |       |     5 |       ||     5
  Eat: Chunk             |     3 |    11 |    14 |     6 ||    34
       Ration            |       |       |     3 |       ||     3
Armor: Robe              |     8 |    25 |    78 |    65 ||   176
       Skin              |       |     3 |     5 |       ||     8
Dodge: Dodged            |    30 |    69 |   132 |   107 ||   338
       Rpst.: Falchion   |       |       |    15 |    26 ||    41

Table legend:
 A = Non-vault XP
 B = Vault XP
 C = Vault XP percentage of total XP
 D = Non-vault monster count
 E = Vault monster count
 F = Vault count percentage of total count
                 A         B        C        D         E       F
            +---------+---------+-------+---------+---------+-------
      Total |    5626 |    1310 |  18.9 |     205 |      23 |  10.1
            +---------+---------+-------+---------+---------+-------
        D:1 |      41 |       0 |   0.0 |      22 |       0 |   0.0
        D:2 |     132 |       0 |   0.0 |      36 |       0 |   0.0
        D:3 |     232 |      40 |  14.7 |      40 |       4 |   9.1
        D:4 |     262 |       0 |   0.0 |       7 |       0 |   0.0
        D:5 |     765 |       0 |   0.0 |      23 |       0 |   0.0
        D:6 |     763 |       0 |   0.0 |      21 |       0 |   0.0
        D:7 |     587 |       0 |   0.0 |      14 |       0 |   0.0
        D:8 |    2841 |    1270 |  30.9 |      41 |      19 |  31.7
        D:9 |       3 |       0 |   0.0 |       1 |       0 |   0.0
            +---------+---------+-------+---------+---------+-------
